 Dungeon Crawl Stone Soup version 0.31.0-32-g396128a36d (webtiles) character file.

Game seed: 17935788312434966189

5370 mainiacjoe the Geomancer (level 10, -2/61 HPs)
             Began as an Octopode Earth Elementalist on Mar 19, 2024.
             Was a High Priest of Kikubaaqudgha.
             Slain by a killer bee (8 damage)
             ... on level 9 of the Dungeon.
             The game lasted 00:37:09 (8814 turns).

mainiacjoe the Geomancer (OpEE)                     Turns: 8814, Time: 00:37:11

Health: -2/61      AC:  6    Str:  8    XL:     10   Next: 66%
Magic:  16/16      EV: 13    Int: 22    God:    Kikubaaqudgha [*****.]
Gold:   567        SH:  5    Dex: 12    Spells: 1/17 levels left

rFire   . . .        a - +2 dagger (venom)
rCold   + . .        h - +0 buckler
rNeg    . . .        n - +1 hat
rPois   .            m - amulet of magic regeneration
rElec   .            p - ring of wizardry
rCorr   .            u - ring "Xelad" {rC+ AC+4 Slay+4}
SInv    .            (no ring)
Will    .....        (no ring)
Stlth   ++++         (no ring)
HPRegen 0.30/turn    (no ring)
MPRegen 0.55/turn    (no ring)
                     (no ring)

%: wizardry (x1)
@: lethally poisoned (-2 -> -12)
A: almost no armour, amphibious, 8 rings, camouflage 1, gelatinous body 1,
(nimble swimmer 1), tentacles
a: Renounce Religion, Unearth Wretches, Torment


You were on level 9 of the Dungeon.
You worshipped Kikubaaqudgha.
Kikubaaqudgha was extremely pleased with you.
You visited 2 branches of the dungeon, and saw 10 of its levels.
You also visited: Sewer.

You collected 567 gold pieces.

Inventory:

Hand Weapons
 a - a +2 dagger of venom (weapon)
 b - a +1 spectral quarterstaff
 y - a +2 dagger of flaming
 B - a +0 rapier
 H - a +1 dagger of electrocution
 I - a +2 falchion of holy wrath
Missiles
 d - 83 stones
 s - 15 poisoned darts
 D - 6 javelins
 E - 4 boomerangs
Armour
 h - a +0 buckler (worn)
 n - a +1 hat (worn)
Magical Staves
 o - a staff of alchemy
Jewellery
 m - an amulet of magic regeneration (around mantle)
 p - a ring of wizardry (left tentacle)
 u - the ring "Xelad" (right tentacle) {rC+ AC+4 Slay+4}
   (You found it on level 5 of the Dungeon)

   [ring of protection]

   AC+4:      It affects your AC (+4).
   Slay+4:    It affects your accuracy & damage with ranged weapons and melee
   (+4).
   rC+:       It protects you from cold.
 A - a ring of ice
Wands
 g - a wand of paralysis (14)
 v - a wand of flame (16)
 w - a wand of light (2)
 K - a wand of iceblast (12)
Scrolls
 x - a scroll of fear
 C - a scroll of revelation
 F - 4 scrolls of poison
Potions
 c - 6 potions of magic
 e - 2 potions of curing
 f - a potion of cancellation
 i - a potion of enlightenment
 j - 2 potions of haste
 k - a potion of mutation
 l - a potion of brilliance
 q - 5 potions of heal wounds
 r - 2 potions of might
 t - a potion of invisibility
 z - a potion of lignification
 L - a potion of attraction {unknown}


   Skills:
 * Level 2.3 Fighting
 + Level 6.2 Short Blades
 * Level 3.2 Dodging
 + Level 6.5 Stealth
 - Level 5.0 Shields
 - Level 4.0 Spellcasting
 - Level 3.0 Conjurations
 - Level 8.0 Necromancy
 - Level 8.0 Earth Magic


You had one spell level left.
You knew the following spells:

 Your Spells              Type           Power      Damage    Failure   Level
a - Sandblast             Erth           78%        2d17      1%          1
b - Brom's Barrelling Bo  Conj/Erth      28%        2d5       7%          4
c - Stone Arrow           Conj/Erth      56%        3d10      1%          3
d - Borgnjor's Vile Clut  Necr/Erth      19%        N/A       7%          5
z - Passwall              Erth           39%        N/A       1%          3

Your spell library contained the following spells:

 Spells                   Type           Power      Damage    Failure   Level
 Kiss of Death            Conj/Necr      100%       2d13      1%          1
 Necrotise                Necr           100%       1d9       1%          1
 Fugue of the Fallen      Necr           39%        N/A       1%          3
 Cigotuvi's Dreadful Rot  Necr/Alch/Air  32%        N/A       3%          2
 Anguish                  Hex/Necr       11%        N/A       12%         4
 Martyr's Knell           Necr/Summ      22%        N/A       12%         4
 Petrify                  Alch/Erth      22%        N/A       12%         4
 Swiftness                Air            4%         N/A       19%         3
 Tukima's Dance           Hex            4%         N/A       19%         3
 Iskenderun's Mystic Bla  Conj/Tloc      11%        2d4       32%         4
 Death Channel            Necr           19%        N/A       34%         6
 Airstrike                Air            2%         2d(1-17)  52%         4
 Dimensional Bullseye     Hex/Tloc       2%         N/A       52%         4
 Arcjolt                  Conj/Air       5%         1d15      65%         5
 Freezing Cloud           Conj/Ice/Air   4%         6-21      71%         5
 Summon Forest            Summ/Tloc      2%         N/A       85%         5
 Summon Mana Viper        Hex/Summ       4%         N/A       85%         5
 Conjure Ball Lightning   Conj/Air       5%         3x3d6     99%         6
 Summon Cactus Giant      Summ           2%         N/A       100%        6
 Discord                  Hex            2%         N/A       100%        8
 Disjunction              Tloc           2%         N/A       100%        8


Dungeon Overview and Level Annotations

Branches:
Dungeon (9/15)             Temple (1/1) D:5            Lair (0/5) D:9
  Sewer (visited)
    Orc: D:9-12

Altars:
Ashenzari
Cheibriados
Dithmenos
Elyvilon
Fedhas
Gozag
Hepliaklqana
Kikubaaqudgha
Makhleb
Nemelex Xobeh
Okawaru
Qazlal
Ru
Sif Muna
Uskayaw
Vehumet
Wu Jian
Xom
Zin
The Shining One

Shops:
D:1 (   D:2 [

Annotations:
D:4 Menkaure
D:5 1 runed translucent door, flammie80's ghost, weakling FoMo
D:6 2 transporters, Tripartite's ghost, novice OpBe
D:7 2 transporters


Innate Abilities, Weirdness & Mutations

You cannot wear most types of armour.
You are amphibious.
You can wear up to eight rings at the same time.
Your skin changes colour to match your surroundings (Stealth+).
Your rubbery body absorbs attacks. (AC +1, EV +1)
((You are camouflaged when in or above water. (Stealth+)))
You have tentacles for arms and can constrict up to eight enemies at once.


Message History

You are lethally poisoned!
The queen bee poisons you!
You hit the queen bee but do no damage.
The queen bee looks as sick as possible!
You squeeze the queen bee.
The queen bee is lightly wounded.
You constrict the queen bee, but do no damage.
* * * LOW HITPOINT WARNING * * *
You feel very sick. You block the queen bee's attack.
Unknown command.
You feel better.
You constrict the queen bee, but do no damage.
The killer bee rages. x2
The queen bee stings you!
* * * LOW HITPOINT WARNING * * *
As you read the scroll of fear, it crumbles to dust.
You assume a fearsome visage.
The queen bee looks frightened!
The killer bee is unaffected.
The killer bee looks frightened!
The killer bee is unaffected.
You constrict the queen bee, but do no damage.
You release your grip on the queen bee.
Cornered, the queen bee turns to fight!
You kill the queen bee!
Kikubaaqudgha accepts your kill.
The killer bee rages.
The killer bee stings you.
* * * LOW HITPOINT WARNING * * *
Blink to where?
Press: ? - help, Dir - move target
As you read the scroll of blinking, it crumbles to dust.
The killer bee rages.
The killer bee barely misses you. The killer bee stings you!
* * * LOW HITPOINT WARNING * * *
You are lethally poisoned!
The killer bee poisons you!
The killer bee attacks as it pursues you!
The killer bee stings you!
You die...
Kikubaaqudgha rasps: "You have failed me!
Welcome... death!"

....#.......#..
#.#########
....#.......#..
#.#
....#.......#
#.########
#...#####...#
##.........
...#. ##
#....######
#...### ###
#####.####
#####!y
#.###...#.#


#yy #..§..#yy.# #†! ##.#####@.# #!. #.# #.## #y###.# #.# #y†...# #.# ####### #.#
#.# #.# #.# You could see 2 killer bees.

Vanquished Creatures
  A boulder beetle (D:7)
  A queen bee (D:9)
  Grinder (Sewer)
  Prince Ribbit (D:5)
  Eustachio (D:5)
  A wyvern (D:8)
  Edmund (D:5)
  3 water moccasins
  Duvessa (D:5)
  An orc warrior (D:7)
  An ice beast (D:6)
  2 sky beasts (D:6)
  A black bear (D:5)
  2 ogres
  2 centaurs
  A phantom (D:6)
  A kobold brigand (Sewer)
  3 bullfrogs
  2 necrophages (Sewer)
  A gnoll sergeant (D:7)
  A scorpion (D:6)
  5 wights
  Dowan (D:5)
  11 killer bees
  2 howler monkeys
  2 bombardier beetles (D:5)
  4 jellies
  4 hounds
  4 orc priests
  A sleepcap (D:7)
  An iguana (D:6)
  7 orc wizards
  6 gnolls
  8 adders
  3 shadow imps
  A white imp (D:7)
  6 ufetubi
  5 ribbon worms
  4 dart slugs
  41 orcs
  A bat zombie (Sewer)
  4 endoplasms
  5 giant cockroaches
  15 goblins
  5 hobgoblins
  A jackal (D:3)
  5 quokkas
  6 ball pythons
  7 bats
  3 frilled lizards
  A giant cockroach zombie (Sewer)
  22 kobolds
  A kobold zombie (Sewer)
  7 rats
228 creatures vanquished.

Vanquished Creatures (collateral kills)
  A wight (D:7)
  A killer bee (D:7)
  10 boulders
12 creatures vanquished.

Vanquished Creatures (others)
  8 boulders
8 creatures vanquished.

Grand Total: 248 creatures vanquished

Notes
Turn   | Place    | Note
-------+----------+-------------------------------------------
     0 | D:1      | mainiacjoe the Octopode Earth Elementalist began the quest
                  | for the Orb.
     0 | D:1      | Reached XP level 1. HP: 11/11 MP: 3/3
   440 | D:1      | Found a faded altar of an unknown god.
   445 | D:1      | Prayed at the altar of an unknown god.
   445 | D:1      | Became a worshipper of Kikubaaqudgha
   445 | D:1      | Reached * piety under Kikubaaqudgha
   445 | D:1      | Received a gift from Kikubaaqudgha
   458 | D:1      | Reached XP level 2. HP: 17/17 MP: 0/5
   867 | D:1      | Found Mohokam's Weapon Shoppe.
  1288 | D:2      | Reached XP level 3. HP: 21/21 MP: 3/6
  1292 | D:2      | Learned a level 3 spell: Stone Arrow
  1465 | D:2      | Found Lotsy's Antique Armour Shoppe.
  1748 | D:2      | Reached ** piety under Kikubaaqudgha
  1779 | D:2      | Found a glowing golden altar of the Shining One.
  1827 | D:2      | Reached XP level 4. HP: 27/27 MP: 4/7
  2400 | D:3      | Reached skill level 1 in Shields
  2914 | D:3      | Reached XP level 5. HP: 31/31 MP: 6/8
  3288 | D:4      | Noticed Menkaure
  3386 | D:4      | Reached *** piety under Kikubaaqudgha
  3386 | D:4      | Received a gift from Kikubaaqudgha
  3389 | D:4      | Reached XP level 6. HP: 36/36 MP: 7/9
  3657 | D:5      | Entered Level 5 of the Dungeon
  3693 | D:5      | Reached skill level 5 in Earth Magic
  3714 | D:5      | Found a runed translucent door.
  3714 | D:5      | Noticed flammie80's ghost (weakling FoMo)
  3756 | D:5      | Noticed a water moccasin
  3763 | D:5      | Found a staircase to the Ecumenical Temple.
  3771 | D:5      | Identified the ring "Xelad" {rC+ AC+4 Slay+4}
  3771 | D:5      | Noticed Prince Ribbit
  3938 | D:5      | Killed Prince Ribbit
  3939 | D:5      | Reached XP level 7. HP: 41/41 MP: 4/10
  3961 | D:5      | Noticed Duvessa
  3982 | D:5      | Killed Duvessa
  3983 | D:5      | Reached skill level 5 in Shields
  4002 | D:5      | Noticed Dowan
  4023 | D:5      | Killed Dowan
  4024 | D:5      | Reached skill level 1 in Necromancy
  4115 | D:5      | Reached XP level 8. HP: 35/46 MP: 1/12
  4183 | D:5      | Found a blossoming altar of Fedhas.
  4183 | D:5      | Found an ancient bone altar of Kikubaaqudgha.
  4229 | D:5      | Noticed Eustachio
  4254 | D:5      | Killed Eustachio
  4386 | D:5      | Noticed Edmund
  4392 | D:5      | Killed Edmund
  4393 | D:5      | Reached skill level 5 in Necromancy
  4716 | D:6      | Found a shimmering blue altar of Sif Muna.
  4717 | D:6      | Found a broken altar of Ashenzari.
  4717 | D:6      | Found a white marble altar of Elyvilon.
  4717 | D:6      | Found an iron altar of Okawaru.
  4720 | D:6      | Found a shimmering altar of Xom.
  4720 | D:6      | Found a sacrificial altar of Ru.
  4782 | D:6      | Reached **** piety under Kikubaaqudgha
  4931 | D:6      | Reached XP level 9. HP: 51/51 MP: 15/15
  5143 | D:6      | Found a glowing drain.
  5153 | Sewer    | Entered a sewer
  5212 | Sewer    | Learned a level 4 spell: Brom's Barrelling Boulder
  5317 | Sewer    | Found an ancient bone altar of Kikubaaqudgha.
  5327 | Sewer    | Noticed Grinder
  5339 | Sewer    | Paralysed by Grinder for 3 turns
  5343 | Sewer    | Killed Grinder
  5508 | Sewer    | Learned a level 5 spell: Borgnjor's Vile Clutch
  5629 | Temple   | Entered the Ecumenical Temple
  5707 | D:6      | Found a transporter.
  5742 | D:6      | Found a transporter.
  5743 | D:6      | Noticed Tripartite's ghost (novice OpBe)
  6025 | D:6      | Found a sparkling altar of Nemelex Xobeh.
  6025 | D:6      | Found a glowing silver altar of Zin.
  6483 | D:7      | Noticed a boulder beetle
  6693 | D:7      | Killed a boulder beetle
  6694 | D:7      | Reached skill level 5 in Stealth
  6782 | D:7      | Reached XP level 10. HP: 56/56 MP: 11/16
  6830 | D:7      | Found a transporter.
  6844 | D:7      | Found a transporter.
  7298 | D:7      | Got Pevosos's Grimoire of Inhalation
  7560 | D:7      | Reached skill level 5 in Short Blades
  8002 | D:8      | Reached ***** piety under Kikubaaqudgha
  8083 | D:8      | Identified the +0 pair of gloves of the Gusle {rElec Int+2
                  | Dex-3}
  8240 | D:8      | Reached skill level 1 in Fighting
  8484 | D:8      | Found a hazy altar of Hepliaklqana.
  8632 | D:8      | Learned a level 3 spell: Passwall
  8718 | D:9      | Found a staircase to the Lair.
  8814 | D:9      | Slain by a killer bee

Illustrated notes

Levels and vault maps discovered:
D:1:      matt_arrival_spirals, layout_basic, serial_shops,
          nicolae_shop_rolling_square, basic_ecumenical_altar
D:2:      layout_loops_ring, basic_altar, serial_shops, nicolae_shop_dealshenge,
          small_statue_intersection
D:3:      minmay_chambers_of_twos, layout_loops_ring, kennysheep_generic_room_2
D:4:      layout_rooms, uniq_menkaure
D:5:      layout_rooms, grunt_temple_overflow_growth_and_decay,
          minmay_temple_entry_drinking_statues, gammafunk_ghost_grave,
          uniq_duvessa, uniq_edmund, uniq_eustachio, uniq_prince_ribbit1
D:6:      layout_loops_corners, grunt_temple_overflow_open,
          jmf_multi_god_temple, gammafunk_ghost_stat_death,
          cheibrodos_sewer_entry_bend, minmay_ogre_servants
D:7:      gammafunk_steamed_eel, layout_loops_ring, kennysheep_donut,
          serial_bayou_pond_a, minmay_circle_x
D:8:      layout_basic, mainiacjoe_overflow_alcove_2, roderic_lattice_a
D:9:      nicolae_hitomezashi [nicolae_hito_row, nicolae_hito_row,
          nicolae_hito_row, nicolae_hito_row, nicolae_hito_row,
          nicolae_hito_row, nicolae_hito_row, nicolae_hito_row,
          nicolae_hito_row, nicolae_hito_row, nicolae_hito_row,
          nicolae_hito_row, nicolae_hito_row, nicolae_hito_row,
          nicolae_hito_row, nicolae_hito_row, nicolae_hito_row,
          nicolae_hito_row], layout_basic, trog_ov_bears_minmay, special_room
          [special_room_bee], grunt_ministairs_3, corexii_corridor_pit,
          uniq_maurice
Temple:   chequers_temple_sunken

Skill      XL: |  1  2  3  4  5  6  7  8  9 10 |
---------------+-------------------------------+-----
Stealth        | 3 5 6 |  6.5
Earth Magic    | 4 5 6 8 |  8.0
Conjurations   | 2 3 |  3.0
Shields        | 1 2 4 5 |  5.0
Necromancy     | 2 6 8 |  8.0
Spellcasting   | 4 |  4.0
Short Blades   | 2 6 |  6.2
Fighting       | 2 |  2.3
Dodging        | 3 |  3.2

Action                     |  1- 3 |  4- 6 |  7- 9 | 10-12 || total
---------------------------+-------+-------+-------+-------++-------
  Melee: Short sword       |     5 |     3 |       |       ||     8
         Constrict         |     2 |     4 |    21 |    11 ||    38
         Tentacles         |     1 |     5 |    20 |     8 ||    34
         Unarmed           |     1 |       |       |       ||     1
         Dagger            |       |    17 |    81 |    58 ||   156
   Cast: Sandblast         |    56 |    75 |    49 |    23 ||   203
         Stone Arrow       |       |     5 |    48 |    15 ||    68
         Brom's Barrelling |       |       |    11 |    15 ||    26
         Borgnjor's Vile C |       |       |       |     1 ||     1
  Evoke: Wand              |       |       |       |     1 ||     1
    Use: Scroll            |     2 |     8 |     5 |    11 ||    26
         Potion            |       |       |     1 |     1 ||     2
   Stab: Sleeping          |       |     3 |     2 |     2 ||     7
         Distracted        |       |       |     1 |       ||     1
 Armour: Skin              |     6 |    22 |    69 |    35 ||   132
  Dodge: Dodged            |    16 |    32 |    71 |    41 ||   160
  Block: Buckler           |       |     8 |    37 |    12 ||    57
